 Dungeon Crawl Stone Soup version 0.31.0-10-gcf4a605ca0 (webtiles) character file.

Game seed: 2856809322342652090

37 Gadfly the Ruffian (level 3, -3/28 HPs)
             Began as a Draconian Shapeshifter on Jan 26, 2024.
             Slain by a gnoll
             ... wielding a +0 spear
              (5 damage)
             ... on level 2 of the Dungeon.
             The game lasted 00:01:32 (1143 turns).

Gadfly the Ruffian (Draconian Shapeshifter)         Turns: 1143, Time: 00:01:33

Health: -3/28      AC:  5    Str: 18    XL:     3   Next: 23%
Magic:  3/3        EV: 12    Int: 10    God:
Gold:   65         SH:  0    Dex: 10    Spells: 2/2 levels left

rFire   . .          .
                       - Unarmed
rCold   . . .        (no shield)
rNeg    . . .        (body armour unavailable)
rPois   .            (helmet currently unavailable)
rElec   .            (cloak currently unavailable)
rCorr   .            h - melded +0 pair of gloves
SInv    .            (boots currently unavailable)
Will    .....        (no amulet)
Stlth   +            (no ring)
HPRegen 0.24/turn    (no ring)
MPRegen 0.08/turn

%: no passive effects
@: beast-form
A: beast (slay +1), AC +5, unfitting armour, cold-blooded
a: Begin Untransformation


You were on level 2 of the Dungeon.
You were a hulking beast.
You visited 1 branch of the dungeon, and saw 2 of its levels.

You collected 65 gold pieces.

Inventory:

Armour
 h - a +0 pair of gloves (melded)
Jewellery
 f - a ring of fire
Talismans
 b - a beast talisman (active)
 c - a flux talisman
Potions
 a - 2 potions of lignification
 d - a potion of resistance {unknown}
 e - a potion of brilliance {unknown}
 g - 3 potions of attraction {unknown}
 i - 3 potions of curing {unknown}


   Skills:
 + Level 1.6 Fighting
 * Level 2.3 Dodging
 * Level 3.3 Unarmed Combat
 * Level 1.2 Evocations
 + Level 3.1 Shapeshifting


You had 2 spell levels left.
You didn't know any spells.
Your spell library contained the following spells:

 Spells                   Type           Power      Damage    Failure   Level
 Scorch                   Fire           0%         2d5       50%         2
 Flame Wave               Conj/Fire      0%         2d4       98%         4
 Summon Cactus Giant      Summ           0%         N/A       100%        6


Dungeon Overview and Level Annotations

Branches:
Dungeon (2/15)

Altars:


Innate Abilities, Weirdness & Mutations

You are a hulking beast.
Your limbs bulge with bestial killing power. (Slay +1)
Your plain brown scales are hard. (AC +5)
You cannot fit into any form of body armour.
You are cold-blooded and may be slowed by cold attacks.


Message History

A gnoll is nearby!
A gnoll comes into view. It is wielding a +0 spear.
A gnoll comes into view. It is wielding a +0 spear.
The gnoll shouts! x2
A gnoll comes into view. It is wielding a +0 spear.
You see here 11 gold pieces.
The gnoll attacks as it pursues you! The gnoll barely misses you.
You see here a scroll labelled GIS ATOEXTI.
The gnoll attacks as it pursues you! The gnoll barely misses you.
The gnoll attacks as it pursues you! The gnoll closely misses you.
The gnoll attacks as it pursues you! The gnoll misses you.
The gnoll attacks as it pursues you! The gnoll barely misses you.
The gnoll attacks as it pursues you! The gnoll hits you but does no damage.
The gnoll hits you with a +0 halberd.
You hit the gnoll.
The gnoll is lightly wounded.
The gnoll closely misses you.
You hit the gnoll.
The gnoll is heavily wounded.
The gnoll closely misses you.
You barely miss the gnoll.
The gnoll is heavily wounded.
The gnoll closely misses you. The gnoll hits you with a +0 halberd.
You punch the gnoll!
You kill the gnoll!
The gnoll closely misses you.
You have reached level 3!
Your experience leads to an increase in your attributes!
Increase (S)trength, (I)ntelligence, or (D)exterity?
You feel stronger. x2; Your scales feel tougher.
The gnoll hits you with a +0 spear!
The gnoll hits you from afar with a +0 spear!
* * * LOW HITPOINT WARNING * * *
You see here a +0 halberd.
You hit the gnoll.
The gnoll is lightly wounded.
The gnoll hits you with a +0 spear.
* * * LOW HITPOINT WARNING * * *
The gnoll hits you from afar with a +0 spear.
You die...

#..$....... #...##.?.g......
#...##.....#####
#...##....g# ##########
#...##.....# .........#
#...##.....###..# ...#####.#
#...#####......#
##)#####.###...####..#######
#..".##.#......hgg.........
####..#.#...######†########
#####.#.#.................
#.......#....####..#####..
#........#+#.####.######
#..........#.##........#
#.......#..#...........#
#........>...##........#
#......###.#.##..).....#


You could see 2 gnolls.

Vanquished Creatures
  A gnoll (D:2)
  A dart slug (D:2)
  A ribbon worm (D:2)
  A bat (D:1)
  3 endoplasms
  3 goblins (D:2)
  3 hobgoblins
  2 jackals (D:1)
  A ball python (D:1)
  4 frilled lizards
  2 kobolds (D:1)
  A rat (D:2)
23 creatures vanquished.

Notes
Turn   | Place    | Note
-------+----------+-------------------------------------------
     0 | D:1      | Gadfly the Draconian Shapeshifter began the quest for the
                  | Orb.
     0 | D:1      | Reached XP level 1. HP: 16/16 MP: 1/1
   675 | D:1      | Reached XP level 2. HP: 21/23 MP: 2/2
   957 | D:2      | Reached skill level 1 in Evocations
  1142 | D:2      | Reached XP level 3. HP: 20/28 MP: 3/3
  1143 | D:2      | Slain by a gnoll

Illustrated notes

Levels and vault maps discovered:
D:1:      minmay_arrival_diagonal_passages, layout_loops_corners,
          chequers_avenue, minmay_fountain_box, hex_medium, st_stairs_13
D:2:      layout_basic, ebering_ecumenical_altar_abandoned,
          kennysheep_another_room, minmay_fractal_squares_gapless_5

Skill      XL: |  1  2 |
---------------+-------+-----
Dodging        | 2 |  2.3
Evocations     | 1 |  1.2
Fighting       | |  1.6
Unarmed Combat | |  3.3
Shapeshifting  | |  3.1

Action                     || total
---------------------------++-------
  Melee: Unarmed           ||    70
         Tailslap          ||     9
Ability: Begin Untransform ||     1
    Use: Scroll            ||     2
   Stab: Sleeping          ||     1
 Armour: Skin              ||    32
  Dodge: Dodged            ||    39
   Form: Beast             ||     1
